 Seeded DCSS version 0.28.0 (webtiles) character file.

Game seed: 17344803007292688020 (custom seed)

40454 Buxparty the Fighter (level 14, -12/95 HPs)
             Began as a Gargoyle Fighter on Feb 10, 2022.
             Was an Elder of Qazlal.
             Mangled by a fire crab (14 damage)
             ... on level 5 of the Lair of Beasts.
             The game lasted 00:47:03 (19046 turns).

Buxparty the Fighter (Gargoyle Fighter)            Turns: 19046, Time: 00:47:04

Health: -12/95     AC: 15    Str: 29    XL:     14   Next: 11%
Magic:  0/14       EV: 14    Int: 11    God:    Qazlal [****..]
Gold:   2706       SH: 16    Dex:  7    Spells: 13/13 levels left

rFire   . . .      SeeInvis .   b - +4 scimitar (flame)
rCold   . . .      Faith    .   c - +1 buckler
rNeg    + . .      Spirit   +   Q - +3 scale mail
rPois   ∞          Reflect  .   G - +0 helmet
rElec   +          Harm     .   m - scarf {repulsion}
rCorr   .          Rampage  .   F - +2 pair of gloves
Will    +....                   (no boots)
Stlth   ..........              u - amulet of guardian spirit
HPRegen 0.25/turn               o - +4 ring of evasion
MPRegen 0.14/turn               r - +6 ring of strength

@: corroded, flying, repel missiles
A: sickness immunity, AC +10, big wings, negative energy resistance 1,
electricity resistance, torment resistance 1, petrification resistance, large
bone plates 1, clumsy 1
a: Renounce Religion, Upheaval, Elemental Force


You were on level 5 of the Lair of Beasts.
You worshipped Qazlal.
Qazlal was greatly pleased with you.
You visited 4 branches of the dungeon, and saw 18 of its levels.

You collected 2706 gold pieces.

Inventory:

Hand Weapons
 a - the +9 long sword of Musuxt {spect, Drain *Slow rN+++ Dex+6}
   (You found it on level 4 of the Dungeon)

   When its wielder attacks, the weapon's spirit leaps out and strikes again.
   The spirit shares a part of any damage it takes with its wielder.
   Dex:       It affects your dexterity (+6).
   rN:        It renders you almost immune to negative energy.
   Drain:     It drains your maximum health when unequipped.
   *Slow:     It may slow you when you take damage.
 b - a +4 scimitar of flaming (weapon)
 v - a +1 long sword
 I - a +2 hunting sling of flaming
Missiles
 h - 5 curare-tipped darts (quivered)
 O - 2 throwing nets
Armour
 c - a +1 buckler (worn)
 l - a +0 pair of gloves
 m - a scarf of repulsion (worn)
 F - a +2 pair of gloves (worn)
 G - a +0 helmet (worn)
 M - a +0 scale mail
 Q - a +3 scale mail (worn)
Jewellery
 o - a +4 ring of evasion (left hand)
 p - a +4 ring of evasion
 r - a +6 ring of strength (right hand)
 u - an amulet of guardian spirit (around neck)
 y - a ring of positive energy
 J - a ring of magical power
Wands
 q - a wand of digging (6)
 x - a wand of flame (30)
 B - a wand of polymorph (7)
 E - a wand of mindburst (7)
 K - a wand of acid (4)
Scrolls
 e - 2 scrolls of magic mapping
 g - 3 scrolls of fog
 i - 3 scrolls of vulnerability
 j - 10 scrolls of identify
 k - 2 scrolls of noise
 s - 4 scrolls of teleportation
 t - a scroll of amnesia
 w - 3 scrolls of enchant armour
 N - 2 scrolls of holy word
 R - a scroll of fear {unknown}
 S - 3 scrolls of summoning
 T - a scroll of brand weapon {unknown}
Potions
 d - 3 potions of might
 f - 2 potions of curing
 n - 3 potions of flight
 z - a potion of haste
 A - a potion of brilliance
 C - a potion of ambrosia {unknown}
 D - a potion of cancellation {unknown}
 H - a potion of degeneration {unknown}
 L - a potion of magic
 P - a potion of lignification {unknown}


   Skills:
 + Level 13.6 Fighting
 + Level 11.4 Long Blades
 - Level 12.4 Armour
 - Level 12.4 Shields
 * Level 6.7 Evocations


You had 13 spell levels left.
You didn't know any spells.
Your spell library contained the following spells:

 Spells                   Type           Power      Damage    Failure   Level
 Foxfire                  Conj/Fire      0%         2x1d4     58%         1
 Blink                    Tloc           0%         N/A       75%         2
 Static Discharge         Conj/Air       0%         N/A       75%         2
 Conjure Flame            Conj/Fire      0%         6-21      92%         3
 Inner Flame              Hex/Fire       0%         N/A       92%         3
 Lesser Beckoning         Tloc           0%         N/A       92%         3
 Ozocubu's Armour         Ice            0%         N/A       92%         3
 Tukima's Dance           Hex            0%         N/A       92%         3
 Dispel Undead            Necr           0%         3d6       100%        4
 Flame Wave               Conj/Fire      0%         2d4       100%        4
 Olgreb's Toxic Radiance  Pois           0%         N/A       100%        4
 Passage of Golubria      Tloc           0%         N/A       100%        4
 Sticky Flame             Conj/Fire      0%         2d3       100%        4
 Fireball                 Conj/Fire      0%         3d3       100%        5
 Manifold Assault         Tloc           0%         N/A       100%        5
 Yara's Violent Unravell  Hex/Tmut       0%         3d3       100%        5
 Starburst                Conj/Fire      0%         6d3       100%        6
 Ozocubu's Refrigeration  Ice            0%         4d5       100%        7
 Ignition                 Fire           0%         3d3       100%        8


Dungeon Overview and Level Annotations

Branches:
Dungeon (11/15)            Temple (1/1) D:7            Lair (5/6) D:9
 Shoals (0/4) Lair:3       Spider (0/4) Lair:3        Slime (0/5) Lair:5
    Orc (1/2) D:9

Altars:
Ashenzari
Cheibriados
Dithmenos
Elyvilon
Fedhas
Gozag
Hepliaklqana
Kikubaaqudgha
Makhleb
Nemelex Xobeh
Okawaru
Qazlal
Ru
Sif Muna
Trog
Uskayaw
Vehumet
Wu Jian
Xom
Yredelemnul
Zin
The Shining One
Jiyva

Shops:
D:1 [:(   D:7 (

Portals:
Trove: D:10 (give demon blade "Leech")

Annotations:
Lair:1 3 runed translucent doors, exclusion: 3 oklob plants, Taxzan's ghost, journeyman MiGl; Wuochyse's ghost, journeyman DEWz
Lair:3 3 runed translucent doors, Raine357's ghost, journeyman MiCK
Lair:5 1 runed translucent door


Innate Abilities, Weirdness & Mutations

You are immune to sickness and miasma.
Your stone body is resilient. (AC +10)
You are immune to poison.
Your large and strong wings let you fly.
You resist negative energy. (rN+)
You are resistant to electric shocks. (rElec)
You are resistant to unholy torment.
You are immune to petrification.
You are partially covered in large bone plates. (SH +4)
You are clumsy. (Dex -2)


Message History

The entropy weaver hits you!
You hit the entropy weaver but do no damage.
The entropy weaver is severely wounded.
The entropy weaver barely misses you. The entropy weaver hits you!
* * * LOW HITPOINT WARNING * * *
You block the entropy weaver's attack. x2
You hit the entropy weaver. You burn the entropy weaver.
The entropy weaver is severely wounded.
The entropy weaver hits you but does no damage. x2
The entropy weaver hits you!
* * * LOW HITPOINT WARNING * * *
You block the entropy weaver's attack.
You feel better. The entropy weaver hits you.
* * * LOW HITPOINT WARNING * * *
The entropy weaver misses you. You block the entropy weaver's attack.
The entropy weaver misses you.
You slice the entropy weaver!! You burn the entropy weaver!
You kill the entropy weaver!
Qazlal accepts your kill.
You hit the fire crab.
The fire crab is lightly wounded.
You block the fire crab's attack. The fire crab barely misses you.
You hit the fire crab but do no damage.
The fire crab is lightly wounded.
You block the fire crab's attack. The fire crab misses you.
You hit the fire crab.
The fire crab is moderately wounded.
You closely miss the fire crab.
The fire crab is moderately wounded.
The fire crab bites you.
* * * LOW HITPOINT WARNING * * *
You are engulfed in flames!
* * * LOW HITPOINT WARNING * * *
The fire crab claws you but does no damage.
You hit the fire crab but do no damage.
The fire crab is moderately wounded.
The fire crab bites you!
* * * LOW HITPOINT WARNING * * *
You are engulfed in flames!
You die...

...P# #.# #P.......... ...P## #.#
##.......... .....# #°#
#.......... ...P### #°#
##.......... ...P..# ####°#
#(........#. ......###.##°#
#........... ..)....#...#°#
#...........
...........#.#######.#...........
...........#....@t.÷.#...........
.........#.###########...........
.......P.#..# ####......)........
......###...###.#....>...........
.....####...PP...................
...### #...P.....................
....# ##...P....................
..#.# #.........................
.#### ##.........................


You could see a fire crab.

Vanquished Creatures
  2 entropy weavers (Lair:5)
  6 hydras
  Harold (Orc:1)
  Erica (Lair:1)
  5 death yaks (Lair:5)
  4 two-headed ogres
  A tengu warrior (D:9)
  5 fire crabs
  A deep elf pyromancer (D:10)
  A cyclops (D:9)
  6 elephants
  A black mamba (Lair:4)
  7 cane toads
  5 komodo dragons
  A rime drake (Lair:1)
  A tengu conjurer (D:9)
  A troll (Orc:1)
  A meliai (Lair:3)
  A hornet (D:7)
  3 polar bears
  Prince Ribbit (D:6)
  19 blink frogs
  A vampire (D:9)
  Sigmund (D:6)
  3 wyverns
  37 yaks
  A wraith (D:7)
  4 steam dragons
  Grum (D:8)
  A warg (Orc:1)
  5 water moccasins
  2 ice beasts
  4 black bears
  4 orc warriors
  A necrophage (D:8)
  2 ogres
  23 wolves
  4 centaurs
  Blork the orc (D:6)
  3 kobold brigands
  10 bullfrogs
  A gnoll sergeant (D:7)
  2 scorpions (D:5)
  A water moccasin skeleton (D:6)
  15 killer bees
  2 electric eels (Lair:1)
  4 howler monkeys
  A hound (D:5)
  3 jellies (D:2)
  6 orc priests
  A centaur skeleton (D:4)
  3 iguanas
  7 orc wizards
  A scorpion zombie (D:5)
  2 killer bee zombies
  A howler monkey zombie (D:10)
  3 gnolls (D:7)
  4 adders
  A shadow imp (D:6)
  2 ufetubi (D:5)
  2 worms (D:2)
  4 dart slugs
  32 orcs
  2 bats
  11 endoplasms
  3 giant cockroaches
  6 goblins
  5 hobgoblins
  4 jackals (D:3)
  18 kobolds
  3 quokkas
  7 ball pythons
  3 frilled lizards
  6 rats
348 creatures vanquished.

Vanquished Creatures (collateral kills)
  A hydra (Lair:1)
1 creature vanquished.

Vanquished Creatures (others)
  34 fungi
  27 plants
  14 toadstools
  4 withered plants (Lair:1)
79 creatures vanquished.

Grand Total: 428 creatures vanquished

Notes
Turn   | Place    | Note
-------+----------+-------------------------------------------
     0 | D:1      | Buxparty the Gargoyle Fighter began the quest for the Orb.
     0 | D:1      | Reached XP level 1. HP: 14/14 MP: 1/1
   111 | D:1      | Found Beor Zis's Weapon Shop.
   199 | D:1      | Found Taisuts's Book Boutique.
   306 | D:1      | Found Juoptas's Armour Boutique.
   437 | D:1      | Reached XP level 2. HP: 14/19 MP: 2/2
   598 | D:1      | Found a faded altar of an unknown god.
  1015 | D:2      | Reached XP level 3. HP: 23/23 MP: 3/3
  1055 | D:2      | Found a blossoming altar of Fedhas.
  1625 | D:2      | Reached XP level 4. HP: 28/29 MP: 4/4
  1638 | D:2      | Reached skill level 4 in Fighting
  1672 | D:2      | Reached XP level 5. HP: 13/33 MP: 5/5
  3428 | D:3      | Reached XP level 6. HP: 39/39 MP: 6/6
  3573 | D:3      | Found a sparkling altar of Nemelex Xobeh.
  4433 | D:4      | Noticed a black bear
  4649 | D:4      | Killed a black bear
  4650 | D:4      | Reached skill level 5 in Fighting
  4650 | D:4      | Reached skill level 5 in Armour
  4650 | D:4      | Reached skill level 5 in Shields
  4650 | D:4      | Reached XP level 7. HP: 44/44 MP: 7/7
  4684 | D:4      | Identified the +9 long sword of Musuxt {spect, Drain *Slow
                  | rN+++ Dex+6}
  4743 | D:5      | Entered Level 5 of the Dungeon
  5036 | D:5      | Identified the +8 mace of Ezell {drain, rPois Will- rCorr
                  | Int+2}
  5205 | D:5      | Reached XP level 8. HP: 51/51 MP: 8/8
  5392 | D:6      | Reached skill level 6 in Fighting
  5480 | D:6      | Noticed Sigmund
  5493 | D:6      | Killed Sigmund
  5688 | D:6      | Noticed Blork the orc
  5692 | D:6      | Killed Blork the orc
  5693 | D:6      | Reached skill level 5 in Long Blades
  5920 | D:6      | Noticed Prince Ribbit
  5922 | D:6      | Killed Prince Ribbit
  5923 | D:6      | Reached skill level 7 in Fighting
  5923 | D:6      | Reached XP level 9. HP: 57/57 MP: 9/9
  6594 | D:7      | Found Syuck's Weapon Shoppe.
  6722 | D:7      | Found a staircase to the Ecumenical Temple.
  6730 | Temple   | Entered the Ecumenical Temple
  6857 | Temple   | Became a worshipper of Qazlal Stormbringer
  6931 | D:7      | Noticed a hornet
  6939 | D:7      | Killed a hornet
  6940 | D:7      | Reached skill level 8 in Fighting
  7294 | D:7      | Reached XP level 10. HP: 16/64 MP: 10/10
  7550 | D:7      | Identified a scroll of acquirement
  7551 | D:7      | Acquired 1328 gold pieces
  7564 | D:7      | Gained mutation: You are clumsy. (Dex -2) [potion of
                  | mutation]
  7564 | D:7      | Gained mutation: You are partially covered in large bone
                  | plates. (SH +4) [potion of mutation]
  7633 | D:8      | Noticed Grum
  7650 | D:8      | Killed Grum
  8610 | D:9      | Noticed a cyclops
  8621 | D:8      | Reached skill level 9 in Fighting
  8674 | D:9      | Found a staircase to the Lair.
  8850 | D:9      | Found a staircase to the Orcish Mines.
  8964 | D:9      | Reached * piety under Qazlal
  9097 | D:9      | Noticed a two-headed ogre
  9114 | D:9      | Killed a two-headed ogre
  9115 | D:9      | Reached XP level 11. HP: 65/71 MP: 11/11
  9345 | D:9      | Noticed a tengu warrior
  9387 | D:9      | Killed a tengu warrior
  9394 | D:9      | Reached skill level 10 in Fighting
  9574 | D:9      | Killed a cyclops
  9575 | D:9      | Reached skill level 10 in Armour
  9575 | D:9      | Reached skill level 10 in Shields
  9738 | D:10     | Entered Level 10 of the Dungeon
  9812 | D:10     | Noticed a two-headed ogre
  9825 | D:10     | Killed a two-headed ogre
 10213 | D:10     | Noticed a deep elf pyromancer
 10244 | D:10     | Killed a deep elf pyromancer
 10522 | D:10     | Noticed a two-headed ogre
 10531 | D:10     | Killed a two-headed ogre
 10650 | D:10     | Noticed a two-headed ogre
 10657 | D:10     | Killed a two-headed ogre
 10814 | D:10     | Found a portal to a secret trove of treasure.
 10871 | D:10     | Reached ** piety under Qazlal
 11315 | Orc:1    | Entered Level 1 of the Orcish Mines
 11315 | Orc:1    | Noticed Harold
 11320 | Orc:1    | Killed Harold
 11548 | Orc:1    | Noticed an orc sorcerer
 11553 | Orc:1    | Noticed a sun demon
 11554 | Orc:1    | Noticed a sun demon
 11622 | Lair:1   | Entered Level 1 of the Lair of Beasts
 11640 | Lair:1   | Reached XP level 12. HP: 79/79 MP: 12/12
 11641 | Lair:1   | Reached skill level 11 in Fighting
 11662 | Lair:1   | Noticed a five-headed hydra
 11721 | Lair:1   | Killed a five-headed hydra
 12127 | Lair:1   | Reached *** piety under Qazlal
 12275 | Lair:1   | Noticed an eight-headed hydra
 12357 | Lair:1   | Noticed Erica
 12372 | Lair:1   | Killed Erica
 12499 | Lair:1   | Found a runed translucent gate.
 12500 | Lair:1   | Found a runed translucent gate.
 12501 | Lair:1   | Found a runed translucent gate.
 12502 | Lair:1   | Noticed Taxzan's ghost (journeyman MiGl)
 12502 | Lair:1   | Noticed Taxzan's ghost (journeyman MiGl)
 12502 | Lair:1   | Noticed Wuochyse's ghost (journeyman DEWz)
 13083 | Lair:1   | Found the necklace of Bloodlust {*Rage Will++ Int-3 Slay+6}
 13148 | Lair:1   | Killed a four-headed hydra
 13815 | Lair:2   | Noticed a four-headed hydra
 14498 | Lair:2   | Reached skill level 12 in Fighting
 14565 | Lair:2   | Reached skill level 10 in Long Blades
 14576 | Lair:2   | Killed a one-headed hydra
 14716 | Lair:2   | Reached XP level 13. HP: 86/86 MP: 13/13
 15390 | Lair:3   | Found a hole to the Spider Nest.
 15554 | Lair:3   | Found a runed translucent gate.
 15554 | Lair:3   | Found a runed translucent gate.
 15554 | Lair:3   | Found a runed translucent gate.
 15560 | Lair:3   | Noticed Raine357's ghost (journeyman MiCK)
 15619 | Lair:3   | Reached skill level 1 in Evocations
 15775 | Lair:3   | Found a staircase to the Shoals.
 16876 | Lair:4   | Reached **** piety under Qazlal
 16901 | Lair:4   | Reached skill level 13 in Fighting
 17970 | Lair:5   | Reached skill level 5 in Evocations
 18339 | Lair:5   | Found a runed translucent door.
 18339 | Lair:5   | Found a viscous altar of Jiyva.
 18342 | Lair:5   | Found a staircase to the Slime Pits.
 18393 | Lair:5   | Found a runed translucent door.
 18605 | Lair:5   | Noticed an acid blob
 18814 | Lair:5   | Gained mutation: Your large and strong wings let you fly.
                  | [Gargoyle growth]
 18814 | Lair:5   | Reached XP level 14. HP: 90/94 MP: 14/14
 18819 | Lair:5   | Noticed an entropy weaver
 18843 | Lair:5   | Killed an entropy weaver
 19019 | Lair:5   | Noticed an entropy weaver
 19041 | Lair:5   | Killed an entropy weaver
 19046 | Lair:5   | HP: 2/95 [fire crab (6)]
 19046 | Lair:5   | Mangled by a fire crab

Illustrated notes

Levels and vault maps discovered:
D:1:      wander_arrival_estate, layout_basic,
          ebering_ecumenical_altar_sacrificial, serial_shops,
          nicolae_shop_temple_entry_statues_fountains, shop,
          nicolae_shop_bloodbath_and_beyond
D:2:      cheibrodos_fertilizer, layout_loops_ring, basic_altar
D:3:      layout_basic, nemelex_dance_club_becter, minmay_gold_behind_fungi
D:4:      layout_basic, minmay_misc_feat_iff, dk_noncrumbling_3
D:5:      layout_gridville
D:6:      layout_rooms, uniq_sigmund, uniq_blork_the_orc, uniq_prince_ribbit1
D:7:      layout_loops_ring, minmay_temple_entry_gardened_gates, serial_shops,
          shop_statue
D:8:      layout_basic, uniq_grum
D:9:      layout_loops_ring, dpeg_oklobed_lair, orc_0_dummy,
          hangedman_abyss_or_decor_lesser_grid, grunt_ministairs_6,
          amcnicky_mini_pool_small, minmay_fractal_squares_5
D:10:     layout_irregular_city, enter_trove_6, minmay_orc_keep
D:11:     layout_roguey, nzn_ghost_randoct
Temple:   compressed_dpeg_circular_temple
Lair:1:   dpeg_oklob_gauntlet, layout_cave_pods, gammafunk_ghost_cemetery,
          lemuel_fruit_tree, serial_bayou_shore_a, uniq_erica
Lair:2:   layout_hall_layers, chequers_serial_rivers_large_a
Lair:3:   layout_regular_city, shoals_dummy_entry,
          hellmonk_spider_entry_not_the_bees, ebering_ghost_rock_garden, pond,
          infiniplex_staircase_pool_2, lemuel_fruit_fields
Lair:4:   layout_regular_city, serial_bayou_shore_b
Lair:5:   gammafunk_mikee_crab_dinner, layout_gridlike, slime_altar_2
Orc:1:    layout_caves, serial_shops, shop, mines1_david, uniq_harold

Skill      XL: |  1  2  3  4  5  6  7  8  9 10 11 12 13 |
---------------+----------------------------------------+-----
Long Blades    | 2 3 4 5 6 7 9 10 11 | 11.4
Fighting       | 4 5 7 8 9 10 12 13 | 13.6
Shields        | 4 5 7 8 9 10 12 | 12.4
Armour         | 4 5 7 8 9 10 12 | 12.4
Evocations     | 6 |  6.7

Action                   |  1- 3 |  4- 6 |  7- 9 | 10-12 | 13-15 || total
-------------------------+-------+-------+-------+-------+-------++-------
Melee: Long sword        |   103 |   150 |   126 |   324 |       ||   703
       Scimitar          |       |       |       |   112 |   349 ||   461
Throw: Dart              |       |     2 |       |     3 |       ||     5
  Use: Scroll            |       |       |       |    20 |       ||    20
       Potion            |       |       |       |    11 |     1 ||    12
 Stab: Distracted        |       |       |       |     4 |       ||     4
Armor: Scale mail        |    41 |    70 |    56 |   155 |   129 ||   451
Dodge: Dodged            |    47 |    91 |    85 |   180 |   133 ||   536
       Repelled          |       |       |       |       |     3 ||     3
Block: Buckler           |    13 |    30 |    43 |   294 |   280 ||   660
